 Dungeon Crawl Stone Soup version 0.30-a0-465-g8901f6c8b5 (webtiles) character file.

Game seed: 6151214363162758768

644022 rocky1 the Executioner (level 27, -1/271 (295) HPs)
             Began as a Minotaur Fighter on Dec 16, 2022.
             Was the Champion of Okawaru.
             Killed from afar by a shadow dragon (58 damage)
             ... with a bolt of negative energy
             ... on level 5 of the Realm of Zot on Dec 18, 2022.
             The game lasted 04:53:34 (90015 turns).

rocky1 the Executioner (Minotaur Fighter)          Turns: 90015, Time: 04:53:34

HP:   -1/271 (295)  AC: 43    Str: 37    XL:     27
MP:   40/42         EV: 19    Int: 18    God:    Okawaru [******]
Gold: 1287          SH: 28    Dex: 14    Spells: 28/35 levels left

rFire   + + .      SeeInvis +    a - +10 broad axe of Eternal Vigilance {freeze, Int+5 Stlth+}
rCold   + + .      Faith    .    v - +2 kite shield {rF+}
rNeg    . . .      Spirit   .    A - +0 gold dragon scales
rPois   +          Reflect  +    i - +1 hat {Will+}
rElec   +          Harm     .    D - +1 cloak "Buvuath" {Str+7}
rCorr   .          Rampage  .    d - +1 pair of gloves of Wammop {Will+ Int+2}
Will    ++++.                    c - +5 pair of boots "Telo" {rC+ Int+2 SInv}
Stlth   ..........               u - amulet of reflection
HPRegen 0.65/turn                K - ring "Seske" {rElec MP+9 Str+3}
MPRegen 0.28/turn                x - +4 ring of slaying

@: heroic, finesse-ful, studying 3 skills, drained
A: horns 2, retaliatory headbutt, iridescent scales 1, large bone plates 1,
deterioration 1, high MP 1, robust 1, subdued magic 1
}: 4/15 runes: barnacled, slimy, silver, gossamer
a: Renounce Religion, Heroism, Finesse, Duel


You were on level 5 of the Realm of Zot.
You worshipped Okawaru.
Okawaru was exalted by your worship.
You visited 13 branches of the dungeon, and saw 57 of its levels.
You visited 1 bazaar.
You also visited: Trove, Gauntlet, Volcano, Wizlab and Desolation.

You collected 7891 gold pieces.
You spent 6604 gold pieces at shops.

Inventory:

Hand Weapons
 a - the +10 broad axe of Eternal Vigilance (weapon) {freeze, Int+5 Stlth+}
   (You found it on level 3 of the Crypt)

   It freezes those it strikes, dealing additional cold damage.
   It can also slow down cold-blooded creatures.
   Int:       It affects your intelligence (+5).
   Stlth:     It makes you more stealthy.
 b - the +5 hand crossbow of Acokes {penet, +Blink Int+5}
   (Okawaru gifted it to you on level 4 of the Spider Nest)

   Any ammunition fired by it passes through the targets it hits, potentially
   hitting all targets in its path until it reaches maximum range.
   Int:       It affects your intelligence (+5).
   +Blink:    It lets you blink.
 m - a +6 eveningstar of freezing
 t - a +9 sacred scourge of holy wrath
 C - the +10 war axe "Tormentor" {vamp, Will+ Str+4}
   (You took it off a yaktaur captain on level 5 of the Vaults)

   It occasionally heals its wielder for a portion of the damage dealt when it
   wounds a living foe.
   Str:       It affects your strength (+4).
   Will:      It increases your willpower.
Missiles
 j - 2 throwing nets
 P - 26 javelins
 U - 10 curare-tipped darts
Armour
 c - the +5 pair of boots "Telo" (worn) {rC+ Int+2 SInv}
   (Okawaru gifted it to you on level 2 of the Shoals)

   Int:       It affects your intelligence (+2).
   rC:        It protects you from cold.
   SInv:      It lets you see invisible.
 d - the +1 pair of gloves of Wammop (worn) {Will+ Int+2}
   (You found it on level 4 of the Spider Nest)

   Int:       It affects your intelligence (+2).
   Will:      It increases your willpower.
 i - a +1 hat of willpower (worn)
 v - a +2 kite shield of fire resistance (worn)
 w - the +4 dragonskin cloak
   (You took it off Tiamat on level 5 of the Realm of Zot)

   It grants the wearer a chance to resist fire, cold, poison, electricity,
   acid, and negative energy.
 A - +0 gold dragon scales (worn)
 D - the +1 cloak "Buvuath" (worn) {Str+7}
   (You found it in a wizard's laboratory)

   Str:       It affects your strength (+7).
Jewellery
 q - an amulet of the acrobat
 u - an amulet of reflection (around neck)
 x - a +4 ring of slaying (right hand)
 K - the ring "Seske" (left hand) {rElec MP+9 Str+3}
   (You found it on level 5 of the Pits of Slime)

   [ring of magical power]

   Str:       It affects your strength (+3).
   rElec:     It insulates you from electricity.
   MP:        It affects your magic capacity (+9).
Wands
 J - a wand of acid (7)
 L - a wand of iceblast (65)
 Q - a wand of mindburst (99) (quivered)
 S - a wand of digging (7)
Scrolls
 f - a scroll of poison
 g - a scroll of magic mapping
 l - 36 scrolls of teleportation
 p - 5 scrolls of blinking
 r - 8 scrolls of fog
 s - 10 scrolls of fear
 y - 5 scrolls of silence
Potions
 e - 8 potions of mutation
 h - 2 potions of magic
 n - 32 potions of curing
 o - 6 potions of resistance
 z - 6 potions of haste
 E - 11 potions of heal wounds
 I - 10 potions of cancellation
 R - 6 potions of invisibility
 V - 6 potions of might
Miscellaneous
 k - a tin of tremorstones (2/2)
 F - a condenser vane
 M - a phial of floods
 N - a lightning rod (4/4)


   Skills:
 + Level 26.1(27) Fighting
 - Level 26.9(27) Axes
 - Level 14.2(27) Maces & Flails
 - Level 18.0(23.0) Ranged Weapons
 - Level 6.8(11.8) Throwing
 - Level 23.6(27) Armour
 - Level 19.5(24.5) Dodging
 - Level 20.5(25.5) Shields
 - Level 4.7 Spellcasting
 - Level 5.1 Translocations
 - Level 11.2 Invocations
 - Level 11.5 Evocations


You had 28 spell levels left.
You knew the following spells:

 Your Spells              Type           Power      Damage    Failure   Level
a - Apportation           Tloc           34%        N/A       5%          1
b - Blink                 Tloc           34%        N/A       9%          2
c - Manifold Assault      Tloc           17%        N/A       52%         4

Your spell library contained the following spells:

 Spells                   Type           Power      Damage    Failure   Level
 Gell's Gravitas          Tloc           17%        N/A       19%         3
 Lesser Beckoning         Tloc           34%        N/A       19%         3
 Teleport Other           Tloc           17%        N/A       19%         3
 Momentum Strike          Conj/Tloc      20%        3d8       26%         2
 Freeze                   Ice            12%        1d3       45%         1
 Kiss of Death            Conj/Necr      12%        2d6       45%         1
 Necrotise                Necr           12%        1d4       45%         1
 Sandblast                Erth           6%         2d5       45%         1
 Shock                    Conj/Air       12%        1d3       45%         1
 Slow                     Hex            12%        N/A       45%         1
 Sting                    Tmut/Pois      12%        1d3       45%         1
 Portal Projectile        Hex/Tloc       20%        N/A       47%         3
 Vhi's Electric Charge    Tloc/Air       20%        N/A       47%         3
 Passage of Golubria      Tloc           17%        N/A       52%         4
 Cigotuvi's Dreadful Rot  Necr/Pois/Air  6%         N/A       61%         2
 Passwall                 Tmut/Erth      2%         N/A       61%         2
 Poisonous Vapours        Pois/Air       6%         N/A       61%         2
 Scorch                   Fire           6%         2d5       61%         2
 Static Discharge         Conj/Air       6%         2-3/arc   61%         2
 Sublimation of Blood     Necr           3%         N/A       61%         2
 Kindle Blastsparks       Fire/Tloc/Air  14%        2d11      61%         3
 Confusing Touch          Hex            3%         N/A       83%         3
 Dazzling Flash           Conj/Hex       6%         N/A       83%         3
 Frozen Ramparts          Ice            6%         1d1       83%         3
 Hailstorm                Conj/Ice       3%         3d3       83%         3
 Ignite Poison            Fire/Tmut/Pois 3%         N/A       83%         3
 Inner Flame              Hex/Fire       3%         N/A       83%         3
 Mephitic Cloud           Conj/Pois/Air  3%         N/A       83%         3
 Ozocubu's Armour         Ice            3%         N/A       83%         3
 Spider Form              Tmut/Pois      3%         N/A       83%         3
 Stone Arrow              Conj/Erth      6%         3d7       83%         3
 Swiftness                Air            3%         N/A       83%         3
 Vampiric Draining        Necr           3%         2d6       83%         3
 Iskenderun's Mystic Bla  Conj/Tloc      10%        2d4       88%         4
 Airstrike                Air            1%         2d(1-17)  99%         4
 Anguish                  Hex/Necr       1%         N/A       99%         4
 Cause Fear               Hex            1%         N/A       99%         4
 Dispel Undead            Necr           3%         3d7       99%         4
 Flame Wave               Conj/Fire      3%         2d5       99%         4
 Fulminant Prism          Conj/Hex       1%         3d5       99%         4
 Ice Form                 Ice/Tmut       3%         N/A       99%         4
 Leda's Liquefaction      Hex/Erth       1%         N/A       99%         4
 Olgreb's Toxic Radiance  Pois           3%         N/A       99%         4
 Petrify                  Tmut/Erth      3%         N/A       99%         4
 Sticky Flame             Conj/Fire      3%         2d3       99%         4
 Agony                    Necr           3%         N/A       100%        5
 Alistair's Intoxication  Tmut/Pois      2%         N/A       100%        5
 Arcjolt                  Conj/Air       1%         1d11      100%        5
 Blade Hands              Tmut           1%         N/A       100%        5
 Borgnjor's Vile Clutch   Necr/Erth      1%         N/A       100%        5
 Fireball                 Conj/Fire      1%         3d3       100%        5
 Freezing Cloud           Conj/Ice/Air   1%         6-21      100%        5
 Irradiate                Conj/Tmut      1%         3d12      100%        5
 Lee's Rapid Deconstruct  Erth           1%         3d4*      100%        5
 Lightning Bolt           Conj/Air       1%         1d12      100%        5
 Metabolic Englaciation   Hex/Ice        1%         N/A       100%        5
 Silence                  Hex/Air        1%         N/A       100%        5
 Yara's Violent Unravell  Hex/Tmut       1%         3d3       100%        5
 Conjure Ball Lightning   Conj/Air       1%         3x3d6     100%        6
 Dispersal                Tloc           8%         N/A       100%        6
 Iron Shot                Conj/Erth      1%         9d1       100%        6
 Starburst                Conj/Fire      1%         6d3       100%        6
 Statue Form              Tmut/Erth      2%         N/A       100%        6
 Dragon Form              Tmut           1%         N/A       100%        7
 Enfeeble                 Hex            1%         N/A       100%        7
 Orb of Destruction       Conj           1%         9d5       100%        7
 Ozocubu's Refrigeration  Ice            1%         4d7       100%        7
 Storm Form               Tmut/Air       1%         N/A       100%        7
 Discord                  Hex            1%         N/A       100%        8
 Disjunction              Tloc           8%         N/A       100%        8
 Ignition                 Fire           1%         3d3       100%        8
 Lehudib's Crystal Spear  Conj/Erth      1%         10d2      100%        8
 Maxwell's Capacitive Co  Air            1%         ∞         100%        8
 Chain Lightning          Conj/Air       1%         3d2       100%        9
 Death's Door             Necr           1%         N/A       100%        9
 Fire Storm               Conj/Fire      1%         8d1       100%        9
 Polar Vortex             Ice            1%         N/A       100%        9
 Shatter                  Erth           1%         3d6*      100%        9
 Summon Small Mammal      Summ           Unusable   N/A       N/A         1
 Summon Guardian Golem    Hex/Summ       Unusable   N/A       N/A         3
 Tukima's Dance           Hex            Unusable   N/A       N/A         3
 Animate Armour           Summ/Erth      Unusable   N/A       N/A         4
 Animate Dead             Necr           Unusable   N/A       N/A         4
 Summon Ice Beast         Ice/Summ       Unusable   N/A       N/A         4
 Summon Lightning Spire   Summ/Air       Unusable   N/A       N/A         4
 Summon Forest            Summ/Tloc      Unusable   N/A       N/A         5
 Summon Mana Viper        Hex/Summ       Unusable   N/A       N/A         5
 Death Channel            Necr           Unusable   N/A       N/A         6
 Simulacrum               Ice/Necr       Unusable   N/A       N/A         6
 Summon Cactus Giant      Summ           Unusable   N/A       N/A         6
 Haunt                    Necr/Summ      Unusable   N/A       N/A         7
 Malign Gateway           Summ/Tloc      Unusable   N/A       N/A         7
 Spellforged Servitor     Conj/Summ      Unusable   N/A       N/A         7
 Infestation              Necr           Unusable   N/A       N/A         8
 Summon Horrible Things   Summ           Unusable   N/A       N/A         8
 Dragon's Call            Summ           Unusable   N/A       N/A         9

Dungeon Overview and Level Annotations

Branches:
Dungeon (15/15)            Temple (1/1) D:4            Lair (5/5) D:9
 Shoals (4/4) Lair:3       Spider (4/4) Lair:2        Slime (5/5) Lair:4
    Orc (2/2) D:11            Elf (3/3) Orc:2        Vaults (5/5) D:13
  Crypt (3/3) Vaults:3       Tomb (1/3) Crypt:3      Depths (4/4) D:15
    Zot (5/5) Depths:4    Volcano (visited)          WizLab (visited)
Desolation (visited)      Gauntlet (visited)

Altars:
Cheibriados
Dithmenos
Elyvilon
Gozag
Kikubaaqudgha
Makhleb
Okawaru
Qazlal
Ru
Sif Muna
Trog
Uskayaw
Vehumet
Wu Jian
Yredelemnul
Zin
Lugonu

Shops:
D:3 **[(   D:13 *   Orc:1 *   Orc:2 *=*=   Elf:2 !   Elf:3 *   Shoals:1 [
Shoals:2 !=   Shoals:3 :   Vaults:1 (   Depths:1 *   Depths:3 :=:
Depths:4 [?!*

Portals:
Hell: Depths:1 Depths:2 Depths:3 Depths:4
Abyss: Lair:5 Depths:3
Pandemonium: Depths:2
Ziggurat: Depths:1

Annotations:
D:14 2 transporters


Innate Abilities, Weirdness & Mutations

You have a pair of horns on your head.
You reflexively headbutt those who attack you in melee.
You are partially covered in iridescent scales. (AC +2)
You are partially covered in large bone plates. (SH +4)
Your body sometimes deteriorates upon taking damage.
You have an increased reservoir of magic. (+10% MP)
You are robust. (+10% HP)
Your spells are a little easier to cast, but a little less powerful.


Message History

The bolt of dispelling energy hits you!!
Your magical effects are unravelling.
* * * LOW HITPOINT WARNING * * *
Your base Fighting skill increases to level 26!
Unknown command.
You feel a little less mighty now.
The sentinel's mark upon you fades away.
An Orb Guardian comes into view.
A moth of wrath comes into view.
You closely miss the Killer Klown.
The Killer Klown is heavily wounded.
The moth of wrath's fur bristles in rage as it notices you.
The Killer Klown closely misses you. You furiously retaliate!
You headbutt the Killer Klown! You barely miss the Killer Klown.
The Killer Klown is heavily wounded.
You carve the Killer Klown like a ham!!!
You freeze the Killer Klown!! You headbutt the Killer Klown.
You kill the Killer Klown!
Okawaru accepts your kill.
The red draconian scorcher breathes fire at you.
The searing blast misses you.
The quicksilver dragon breathes dispelling energy at you.
The bolt of dispelling energy hits you but does no damage.
An Orb Guardian comes into view.
An Orb Guardian comes into view.
You are too injured to fight recklessly!
You block the Orb Guardian's attack. x2
A shadow dragon comes into view.
The Orb Guardian attacks as you move away!
You block the Orb Guardian's attack.
The quicksilver dragon is engulfed in blazing flames.
You block the Orb Guardian's attack. The Orb Guardian hits you!!
* * * LOW HITPOINT WARNING * * *
A green draconian comes into view. It is wielding a +0 war axe.
The green draconian roars!
An Orb Guardian comes into view.
The shadow dragon breathes negative energy at you.
The bolt of negative energy hits you!!!
You feel drained.
You die...

,,^** **,,,^,,,....2..L ,***
***,,,,,........ **
****,,......2. ***
#▓▓▓▓▓▓▓▓▓▓▓##. ,,***
###..○dqq.yX..... ,,,,**
##.D..##.dX.......
**...###########...###.§....(....
**#.........D...XX###....^.......
* *#.....Xd.....@## #............
* #.............# #........^... *
*#...........## #............ *
#...........# #............ *
##......^....## #........^... *
#^............# ##...........
##.............#* ##..........
#...............# ##...(.....
▓▓########.######## ##########


You could see a shadow dragon (catching breath), a green draconian, a
quicksilver dragon and 3 Orb Guardians.

Vanquished Creatures
  the Royal Jelly (Slime:5)
  Tiamat (Zot:5)
  2 ancient liches (Zot:5)
  2 dread liches
  Khufu (Crypt:2)
  An orb of fire (Zot:5)
  3 royal mummies
  Margery (Vaults:3)
  Frederick (Vaults:3)
  A Killer Klown (Zot:5)
  Saint Roka (Vaults:3)
  A caustic shrike (Depths:3)
  5 curse toes
  Xtahua (Crypt:3)
  12 golden dragons
  Nikola (Spider:2)
  The ghost of Gateb the Warrior, an adept HODe of Okawaru (Vaults:1)
  2 bone dragons
  2 doom hounds (Zot:4)
  2 electric golems
  16 tentacled monstrosities
  3 Tzitzimimeh (Zot:4)
  2 shard shrike zombies
  A walking crystal tome (Depths:2)
  Rupert (D:13)
  Jorgrun (D:13)
  8 Orb Guardians (Zot:5)
  6 liches
  2 walking frostbound tomes
  Grunn (Zot:4)
  Mlioglotl (Shoals:4)
  4 titans
  8 quicksilver dragons
  A walking earthen tome (Depths:2)
  2 deep elf master archers (Elf:3)
  A walking divine tome (Depths:3)
  10 ancient champions
  19 acid blobs
  5 death cobs
  Frances (D:12)
  Gastronok (D:11)
  Kirke (Shoals:4)
  12 sphinxes
  Ilsuiw (Shoals:2)
  The ghost of Mecsish the Tortoise, an adept AtWn of Uskayaw (Shoals:2)
  13 storm dragons
  2 strange machines (WizLab)
  12 azure jellies
  6 tengu reavers
  7 shadow dragons
  A revenant (Crypt:3)
  The ghost of Likim the Spry, an adept KoMo of Trog (Spider:1)
  Roxanne (Shoals:4)
  5 fire giants
  12 draconian monks
  18 rockslimes
  9 frost giants
  10 deep elf sorcerers
  6 draconian knights
  17 vault wardens
  Louise (Spider:4)
  8 ghost moths
  9 emperor scorpions
  A caustic shrike zombie (Crypt:3)
  5 draconian stormcallers
  5 deep elf elementalists (Elf:3)
  5 draconian scorchers
  3 imperial myrmidons (Desolation)
  3 angels
  2 iron dragons
  18 ironbound preservers
  9 draconian shifters
  The ghost of Zatt the Spry, an adept SpAK of Lugonu (Depths:2)
  2 broodmothers
  5 draconian annihilators
  3 spriggan defenders (Depths:3)
  13 stone giants
  3 curse skulls
  A spectral caustic shrike (Depths:2)
  2 war gargoyles (Vaults:5)
  12 ghouls
  15 very ugly things
  12 quicksilver oozes
  A reaper (Crypt:2)
  8 vampire knights
  17 green draconians
  5 ironbound thunderhulks
  8 black draconians
  6 deep elf demonologists
  A lorocyproca (Depths:2)
  9 deep elf annihilators
  A halazid warlock (Desolation)
  A minotaur (Gauntlet)
  2 putrid mouths (Zot:4)
  5 dire elephants
  2 spectral titans (Depths:2)
  Azrael (D:13)
  18 white draconians
  11 red draconians
  An acid blob zombie (Crypt:2)
  8 yellow draconians
  13 purple draconians
  6 spark wasps
  2 eidola (Crypt:3)
  5 ettins
  17 yaktaur captains
  13 merfolk impalers
  Josephine (D:11)
  4 entropy weavers
  4 merfolk javelineers (Shoals:4)
  5 ragged hierophants (Desolation)
  14 deep elf death magi
  8 jiangshi
  6 fire dragons
  10 great orbs of eyes
  7 servants of whispers (Desolation)
  6 mummy priests
  34 vault guards
  2 spectral spriggans (Depths:2)
  A spectral tengu (Depths:2)
  Erolcha (D:9)
  6 deep elf high priests
  2 spectral golden dragons (Depths:2)
  12 rakshasas
  A fenstrider witch zombie (Crypt:3)
  3 ice dragons
  A spectral shadow dragon (Depths:2)
  6 hydras
  4 spriggan air magi
  3 merfolk avatars
  A catoblepas (D:9)
  2 ogre magi
  8 two-headed ogres
  9 peacekeepers
  4 death knights
  4 boulder beetles
  11 ironbound frosthearts
  3 alligator snapping turtles
  2 jorogumos
  6 merfolk aquamancers
  Erica (D:8)
  22 death scarabs (Tomb:1)
  40 dancing weapons
  2 satyrs
  3 death yaks (Gauntlet)
  5 vampire magi
  5 deep troll shamans
  5 radroaches
  16 centaur warriors
  2 tengu warriors
  5 orc high priests
  6 deep troll earth magi
  2 spriggan berserkers (Depths:4)
  4 thrashing horrors (Lair:5)
  13 deep elf knights
  5 hell knights
  2 sun demons (Depths:2)
  3 soul eaters
  A spectral storm dragon (Depths:2)
  Urug (Lair:5)
  5 iron trolls
  3 pharaoh ants
  Nergalle (D:11)
  Amaemon (D:8)
  2 sun moths (Spider:4)
  39 skeletal warriors
  2 shadow wraiths
  An anaconda zombie (Crypt:1)
  2 salamander mystics (Depths:2)
  8 steelbarb worms
  3 glowing orange brains
  66 deep trolls
  4 flayed ghosts
  12 deep elf archers
  A bunyip zombie (Crypt:1)
  8 sea snakes
  A spark wasp zombie (D:15)
  18 orb spiders
  3 bog bodies
  11 phantasmal warriors
  A swamp dragon (shapeshifter) (Lair:5)
  5 wizards
  13 lindwurms
  An obsidian statue (Volcano)
  3 harpies (Shoals:4)
  A sphinx zombie (D:15)
  11 ironbound convokers
  Pikel (D:6)
  24 wolf spiders
  19 deep elf zephyrmancers
  6 orc knights
  21 deep elf pyromancers
  2 mana vipers (shapeshifter)
  8 necromancers
  A jorogumo zombie (Crypt:2)
  8 fauns
  6 shining eyes
  A fire giant zombie (D:15)
  A wolf spider (shapeshifter) (Vaults:5)
  19 ugly things
  4 salamanders (Depths:2)
  8 orc sorcerers
  An oklob plant (Lair:2)
  11 cyclopes
  11 manticores
  A moth of wrath (shapeshifter) (Vaults:5)
  A worldbinder (Gauntlet)
  A frost giant zombie (Crypt:1)
  A fire giant skeleton (Vaults:2)
  114 slime creatures
  A centaur zombie (Crypt:1)
  2 black mambas
  A guardian serpent (shapeshifter) (Vaults:5)
  27 moths of wrath
  12 merfolk sirens
  9 elephants
  3 eyes of devastation
  15 vault sentinels
  4 guardian serpents (Desolation)
  A molten gargoyle (Desolation)
  A storm dragon simulacrum (Vaults:4)
  A stone giant skeleton (Crypt:1)
  7 torpor snails
  A titan simulacrum (Depths:2)
  2 smoke demons (Lair:5)
  4 water nymphs
  A rust devil (Depths:2)
  5 cane toads
  A catoblepas zombie (Crypt:3)
  A hellion (Depths:2)
  A gargoyle (D:13)
  7 rime drakes
  An orange demon (D:8)
  A dire elephant skeleton (Crypt:2)
  An efreet (D:14)
  3 kobold demonologists
  An unseen horror (shapeshifter) (D:11)
  7 freezing wraiths
  8 komodo dragons
  3 ancient zymes (Lair:5)
  4 tengu conjurers
  40 yaktaurs
  3 demonic crawlers
  4 tormentors (Zot:4)
  A red devil (Depths:2)
  A komodo dragon (shapeshifter) (D:13)
  A hydra zombie (Tomb:1)
  A meliai (D:13)
  2 ice devils
  A yellow draconian skeleton (Crypt:3)
  17 guardian mummies
  A meliai (shapeshifter) (D:9)
  A death drake zombie (Crypt:1)
  6 trolls
  A shadow dragon simulacrum (Depths:2)
  A hornet (Depths:3)
  17 merfolk
  5 wind drakes
  A merfolk (shapeshifter) (Depths:2)
  2 sphinx simulacra
  A harpy skeleton (Crypt:1)
  55 saltlings (Desolation)
  28 tarantellas
  Prince Ribbit (D:8)
  Grinder (D:2)
  9 dream sheep
  22 blink frogs
  An ettin zombie (Vaults:2)
  11 snapping turtles
  23 jumping spiders
  3 shadows (D:13)
  A culicivora (shapeshifter) (D:9)
  3 spriggans
  3 air elementals
  A centaur simulacrum (D:13)
  8 flying skulls
  2 ushabtiu (Tomb:1)
  25 culicivoras
  11 wraiths
  A vampire (D:9)
  18 water elementals
  13 wyverns
  A basilisk (shapeshifter) (Lair:5)
  56 yaks
  An elf zombie (Vaults:4)
  2 large abominations (Lair:5)
  2 ettin skeletons
  A naga simulacrum (Crypt:3)
  12 basilisks
  6 fire bats (Volcano)
  11 fire elementals
  2 ynoxinuls (Lair:5)
  A hog (Shoals:4)
  16 golden eyes
  A steam dragon (Volcano)
  A human (shapeshifter) (D:13)
  4 humans (Shoals:4)
  Menkaure (D:5)
  47 redbacks
  10 vampire mosquitoes
  3 chaos spawn
  7 wargs
  A two-headed ogre zombie (Crypt:1)
  Edmund (D:6)
  A harpy simulacrum (Crypt:1)
  An acid dragon (D:12)
  2 swamp worms (D:12)
  11 small abominations (Lair:5)
  4 hell hounds
  13 water moccasins
  2 merfolk skeletons
  A merfolk zombie (Crypt:2)
  An ogre skeleton (Vaults:4)
  A floating eye (shapeshifter) (Vaults:5)
  Pargi (D:3)
  19 orc warriors
  A sky beast (D:7)
  2 black bears
  3 ogres
  2 boggarts
  4 wolves (Lair:4)
  A tengu (shapeshifter) (Vaults:5)
  13 centaurs
  A lindwurm skeleton (Crypt:1)
  A phantom (D:6)
  A lemure (D:6)
  5 bullfrogs
  A yaktaur zombie (Crypt:3)
  4 kobold brigands
  A gnoll sergeant (D:10)
  5 scorpions
  4 human skeletons
  9 necrophages
  3 earth elementals
  23 wights
  A raiju zombie (Crypt:1)
  2 troll zombies (Crypt:2)
  A polar bear zombie (Crypt:3)
  11 howler monkeys
  6 killer bees (D:10)
  2 vampire bats (Lair:2)
  6 lava snakes (Volcano)
  A bullfrog zombie (Crypt:3)
  4 hounds
  5 human zombies
  A jelly (D:7)
  2 gnoll boudas
  15 orc priests
  A black bear skeleton (Crypt:3)
  Natasha (thrice) (D:4)
  7 iguanas
  17 orc wizards
  7 hell rats (Lair:4)
  A statue (D:6)
  25 mummies
  18 gnolls
  7 adders
  2 river rats (Lair:2)
  A shadow imp (D:8)
  4 white imps (Gauntlet)
  An ufetubus (D:4)
  3 worms
  3 dart slugs
  46 orcs
  6 ball pythons
  15 bats
  8 endoplasms
  3 giant cockroaches
  6 goblins
  7 hobgoblins
  4 jackals (D:1)
  6 quokkas
  3 frilled lizards (D:1)
  A jackal skeleton (Crypt:2)
  18 kobolds
  5 rats
  A bush (Lair:2)
  A fungus (Elf:3)
2498 creatures vanquished.

Vanquished Creatures (others)
  A deep elf blademaster (Elf:3)
  2 fire giants
  A radroach (Spider:3)
  2 deep elf zephyrmancers (Elf:1)
  2 deep elf pyromancers
  A golden eye (Slime:2)
  2 orcs (Orc:2)
  22 fungi
  69 plants
  13 withered plants
115 creatures vanquished.

Grand Total: 2613 creatures vanquished

Notes
Turn   | Place    | Note
-------+----------+-------------------------------------------
     0 | D:1      | rocky1 the Minotaur Fighter began the quest for the Orb.
     0 | D:1      | Reached XP level 1. HP: 19/19 MP: 0/0
   143 | D:1      | Reached XP level 2. HP: 27/27 MP: 1/1
   559 | D:1      | Reached XP level 3. HP: 33/33 MP: 2/2
  1069 | D:2      | Found a faded altar of an unknown god.
  1341 | D:2      | Reached XP level 4. HP: 40/40 MP: 3/3
  1918 | D:3      | Noticed Grinder
  1948 | D:2      | Killed Grinder
  1949 | D:2      | Reached skill level 5 in Fighting
  1949 | D:2      | Reached skill level 5 in Armour
  1949 | D:2      | Reached skill level 5 in Shields
  1949 | D:2      | Reached XP level 5. HP: 19/48 MP: 4/4
  1949 | D:2      | Reached XP level 6. HP: 23/56 MP: 5/5
  2702 | D:3      | Noticed Pargi
  2711 | D:3      | Killed Pargi
  2744 | D:3      | Found Ladym's Weapon Shoppe.
  2904 | D:3      | Found Asiteest's General Store.
  2925 | D:3      | Found Biwn's Magic Scroll Shoppe.
  2932 | D:3      | Bought 3 scrolls of identify for 60 gold pieces
  3267 | D:3      | Found an opulent altar of Gozag.
  3310 | D:3      | Found Purghamie's Armour Shoppe.
  3366 | D:3      | Found Acvow's Assorted Antiques.
  3370 | D:3      | Bought a scroll labelled LUZOFAANGU for 26 gold pieces
  3512 | D:4      | Found a white marble altar of Elyvilon.
  3575 | D:4      | Reached skill level 5 in Maces & Flails
  3579 | D:4      | Identified the +10 dagger "Hechucs" {flame, rPois}
  3593 | D:4      | Reached XP level 7. HP: 55/62 MP: 6/6
  3599 | D:4      | Noticed Natasha
  3607 | D:4      | Killed Natasha
  3680 | D:4      | Found a staircase to the Ecumenical Temple.
  3687 | Temple   | Entered the Ecumenical Temple
  3720 | Temple   | Became a worshipper of Warmaster Okawaru
  3752 | D:4      | Noticed Natasha
  3761 | D:4      | Killed Natasha
  3844 | D:4      | Noticed Natasha
  3848 | D:4      | Killed Natasha
  3887 | D:4      | Found a glowing silver altar of Zin.
  3887 | D:4      | Noticed an angel
  3977 | D:5      | Entered Level 5 of the Dungeon
  4036 | D:5      | Reached skill level 1 in Throwing
  4267 | D:5      | Noticed Menkaure
  4294 | D:5      | Reached * piety under Okawaru
  4300 | D:5      | Killed Menkaure
  4301 | D:5      | Reached XP level 8. HP: 6/70 MP: 7/7
  4303 | D:5      | HP: 1/70 [orc priest/nerve-wracking pain (13)]
  5195 | D:6      | Noticed Edmund
  5214 | D:6      | Killed Edmund
  5284 | D:6      | Reached ** piety under Okawaru
  5414 | D:3      | Bought a scroll of blinking for 75 gold pieces
  5414 | D:3      | Bought a scroll of identify for 20 gold pieces
  5414 | D:3      | Bought a scroll of identify for 20 gold pieces
  5546 | D:6      | Found a radiant altar of Vehumet.
  5776 | D:6      | Reached skill level 10 in Maces & Flails
  5838 | D:6      | Noticed Pikel
  5850 | D:6      | Killed Pikel
  5850 | D:6      | Reached *** piety under Okawaru
  5851 | D:6      | Reached skill level 5 in Throwing
  5851 | D:6      | Reached XP level 9. HP: 73/75 MP: 8/8
  6346 | D:7      | Identified the +1 robe "Eforra" {Rampage Fly Str+3}
  6415 | D:7      | Reached **** piety under Okawaru
  6824 | D:7      | Reached skill level 1 in Invocations
  6839 | D:7      | Reached skill level 1 in Evocations
  7049 | D:8      | Noticed Amaemon
  7049 | D:8      | Noticed an orange demon
  7152 | D:8      | Noticed Erica
  7165 | D:8      | Killed Erica
  7166 | D:8      | Reached XP level 10. HP: 43/83 MP: 8/10
  7217 | D:9      | Found an ornate altar of the Wu Jian Council.
  7268 | D:9      | Noticed a cyclops
  7268 | D:9      | Noticed a fire dragon
  7268 | D:9      | Noticed a catoblepas
  7294 | D:9      | Received a gift from Okawaru
  7316 | D:9      | Killed a catoblepas
  7321 | D:9      | Noticed a deep elf pyromancer
  7329 | D:9      | Found a shimmering blue altar of Sif Muna.
  7613 | D:9      | Found a staircase to the Lair.
  7620 | D:9      | Noticed a cyclops
  7645 | D:9      | Reached ***** piety under Okawaru
  7667 | D:9      | Killed a cyclops
  7762 | D:9      | Noticed a deep elf pyromancer
  7991 | D:8      | Noticed Prince Ribbit
  8018 | D:8      | Killed Prince Ribbit
  8018 | D:8      | Received a gift from Okawaru
  8116 | D:8      | Killed Amaemon
  8116 | D:8      | Received a gift from Okawaru
  8117 | D:8      | Reached skill level 5 in Invocations
  8117 | D:8      | Reached XP level 11. HP: 52/92 MP: 13/13
  8681 | D:3      | Bought a scroll of identify for 20 gold pieces
  8681 | D:3      | Bought a scroll of enchant weapon for 75 gold pieces
  8681 | D:3      | Bought a scroll of identify for 20 gold pieces
  8681 | D:3      | Bought a scroll of brand weapon for 95 gold pieces
  9588 | D:8      | Killed a deep elf pyromancer
  9858 | D:9      | Killed a fire dragon
  9875 | D:9      | Killed a deep elf pyromancer
 10175 | D:9      | Noticed Erolcha
 10222 | D:9      | Killed Erolcha
 10222 | D:9      | Received a gift from Okawaru
 10223 | D:9      | Reached skill level 10 in Fighting
 10749 | D:10     | Entered Level 10 of the Dungeon
 11119 | D:10     | Noticed a two-headed ogre
 11129 | D:10     | Killed a two-headed ogre
 11246 | D:10     | Found a bloodstained altar of Trog.
 11276 | D:10     | Found a burning altar of Makhleb.
 11650 | D:11     | Noticed Nergalle
 11660 | D:11     | Killed Nergalle
 11660 | D:11     | Received a gift from Okawaru
 11661 | D:11     | Reached XP level 12. HP: 110/110 MP: 17/17
 11851 | D:11     | Noticed Josephine
 12031 | D:10     | Received a gift from Okawaru
 12031 | D:10     | Found the +7 Kryia's mail coat {PotionHeal*2 rC+}
 12167 | D:11     | Killed Josephine
 12243 | D:11     | Noticed a tengu warrior
 12258 | D:11     | Killed a tengu warrior
 12561 | D:11     | Reached skill level 1 in Dodging
 12698 | D:11     | Identified the +3 pair of gloves of Tioreh {rC++ Regen+
                  | Str-2 Int-3}
 12787 | D:11     | Identified the +10 halberd of Raacuar {spect, rPois}
 12819 | D:11     | Noticed an ogre mage
 12827 | D:11     | Paralysed by something for 2 turns
 12831 | D:11     | Killed an ogre mage
 13150 | D:11     | Noticed Gastronok
 13162 | D:11     | Killed Gastronok
 13257 | D:11     | Found a staircase to the Orcish Mines.
 13319 | Orc:1    | Entered Level 1 of the Orcish Mines
 13356 | Orc:1    | Found Tariec's Overcharged Wands.
 13627 | Orc:2    | Entered Level 2 of the Orcish Mines
 13657 | Orc:2    | Reached ****** piety under Okawaru
 14183 | Orc:2    | Found a staircase to the Elven Halls.
 14296 | Orc:2    | Found Damoevi's Jewellery Shop.
 14305 | Orc:2    | Noticed an orc high priest
 14309 | Orc:2    | Noticed an orc high priest
 14353 | Orc:2    | Reached XP level 13. HP: 61/122 MP: 15/19
 14708 | Orc:2    | Identified the +2 ring mail "Ipsu" {Harm Will+ Int-3 Dex+7}
                  | (Okawaru gifted it to you on level 2 of the Orcish Mines)
 14708 | Orc:2    | Received a gift from Okawaru
 14709 | Orc:2    | Reached skill level 5 in Dodging
 14761 | Orc:2    | Found Zaxkorhu's General Store.
 14781 | Orc:2    | Found Jiciquof's Assorted Antiques.
 14781 | Orc:2    | Found Teggoh's Jewellery Emporium.
 14868 | Orc:2    | Bought a scroll of acquirement for 728 gold pieces
 14879 | Orc:2    | Bought a gluggy clear potion for 35 gold pieces
 14883 | Orc:2    | Acquired a manual of Fighting
 14885 | Orc:2    | Acquired 581 gold pieces
 15280 | Lair:1   | Entered Level 1 of the Lair of Beasts
 15385 | Lair:1   | Found a dark tunnel.
 15395 | Volcano  | Entered a volcano
 15480 | Volcano  | Reached skill level 15 in Fighting
 15558 | Volcano  | Noticed a fire dragon
 15560 | Volcano  | Found a radiant altar of Vehumet.
 15585 | Volcano  | Killed a fire dragon
 16166 | Lair:1   | Identified the +1 pair of gloves of the Kangaroo {rC+}
 16554 | Lair:2   | Received a gift from Okawaru
 17044 | Lair:2   | Found a hole to the Spider Nest.
 17216 | Spider:1 | Entered Level 1 of the Spider Nest
 17541 | Spider:1 | Reached XP level 14. HP: 121/146 MP: 20/20
 17625 | Spider:1 | Reached skill level 10 in Invocations
 17647 | Spider:1 | Received a gift from Okawaru
 17780 | Spider:1 | Found a runed translucent door.
 17854 | Spider:1 | Noticed Likim's ghost (adept KoMo)
 17898 | Spider:1 | Killed Likim's ghost
 17898 | Spider:1 | Received a gift from Okawaru
 17964 | Spider:1 | Noticed an emperor scorpion
 17975 | Spider:1 | Killed an emperor scorpion
 18429 | Spider:1 | Received a gift from Okawaru
 18785 | Spider:1 | Reached skill level 5 in Evocations
 19066 | Spider:2 | Noticed Nikola
 19176 | Lair:3   | Found a staircase to the Shoals.
 19675 | Lair:3   | Reached skill level 10 in Shields
 20020 | Shoals:1 | Entered Level 1 of the Shoals
 20053 | Shoals:1 | Reached skill level 10 in Armour
 20368 | Shoals:1 | Identified the +2 pair of boots of Eternal Night {rN+
                  | Stlth+} (Okawaru gifted it to you on level 1 of the Shoals)
 20368 | Shoals:1 | Received a gift from Okawaru
 20641 | Shoals:1 | Found Jyskoes's Antique Armour Boutique.
 20649 | Shoals:1 | Bought a pair of runed boots for 157 gold pieces
 20876 | Lair:4   | Found a staircase to the Slime Pits.
 21814 | Lair:5   | Entered Level 5 of the Lair of Beasts
 21856 | Lair:5   | Noticed Urug
 21861 | Lair:5   | Killed Urug
 21862 | Lair:5   | Reached XP level 15. HP: 143/152 MP: 22/22
 22011 | Lair:5   | Reached skill level 1 in Axes
 22082 | Lair:5   | Reached skill level 5 in Axes
 22274 | Lair:5   | Identified the +2 pair of gloves of the Forsaken Ears
                  | {rCorr} (Okawaru gifted it to you on level 5 of the Lair of
                  | Beasts)
 22274 | Lair:5   | Received a gift from Okawaru
 22282 | Lair:5   | Upgraded the game from 0.30-a0-459-g9104f0fc43 to
                  | 0.30-a0-462-gd5975efbca
 22910 | Lair:5   | Found a corrupted altar of Lugonu.
 22910 | Lair:5   | Found a one-way gate to the infinite horrors of the Abyss.
 23715 | D:3      | Bought a scroll of teleportation for 78 gold pieces
 23715 | D:3      | Bought a potion of berserk rage for 130 gold pieces
 23715 | D:3      | Bought a scroll of magic mapping for 195 gold pieces
 23728 | D:3      | Bought a potion of cancellation for 80 gold pieces
 23728 | D:3      | Bought a potion of flight for 30 gold pieces
 23741 | D:3      | Bought a scroll of fear for 40 gold pieces
 23780 | D:3      | Bought a +3 scale mail of fire resistance for 260 gold
                  | pieces
 24065 | Orc:2    | Bought a scroll of blinking for 292 gold pieces
 24065 | Orc:2    | Bought a potion of berserk rage for 195 gold pieces
 24082 | Orc:2    | Bought a potion of curing for 42 gold pieces
 24082 | Orc:2    | Bought a potion of cancellation for 112 gold pieces
 24082 | Orc:2    | Bought a potion of mutation for 112 gold pieces
 24585 | D:12     | Noticed Frances
 24586 | D:12     | Found a gate leading to a gauntlet.
 24603 | D:12     | Killed Frances
 24610 | Gauntlet | Entered a Gauntlet
 24610 | Gauntlet | Found a transporter.
 24610 | Gauntlet | Found a transporter.
 24644 | Gauntlet | Found a transporter.
 24653 | Gauntlet | Found a transporter.
 24653 | Gauntlet | Found a transporter.
 24659 | Gauntlet | Found a transporter.
 24667 | Gauntlet | Found a transporter.
 24667 | Gauntlet | Found a transporter.
 24669 | Gauntlet | Found a transporter.
 24669 | Gauntlet | Found a transporter.
 24677 | Gauntlet | Found a transporter.
 24677 | Gauntlet | Found a transporter.
 24838 | Gauntlet | a catoblepas changed into a storm dragon
 24838 | Gauntlet | Noticed a storm dragon (glowing shapeshifter)
 24972 | Gauntlet | Reached skill level 10 in Axes
 25010 | Gauntlet | Identified the ring "Tijidin" {Wiz Stlth+}
 25970 | D:13     | Found a gate to the Vaults.
 26046 | D:13     | Noticed Azrael
 26081 | D:13     | Killed Azrael
 26379 | D:13     | You fall into a shaft and drop 1 floor!
 26395 | D:13     | Identified the amulet of Wisdom {Acrobat Harm Will- SInv}
 26473 | D:13     | Received a gift from Okawaru
 26474 | D:13     | Reached XP level 16. HP: 147/160 MP: 23/23
 26550 | D:13     | Noticed Rupert
 26561 | D:13     | Killed Rupert
 26723 | D:13     | Noticed Jorgrun
 26733 | D:13     | Killed Jorgrun
 26818 | D:13     | Found Sogg's General Store.
 26824 | D:13     | Bought a potion of curing for 45 gold pieces
 26824 | D:13     | Bought a wand of iceblast (2) for 72 gold pieces
 27166 | D:13     | Received a gift from Okawaru
 27193 | D:13     | Got the Secrets of the Eagle
 27495 | D:14     | Found a transporter.
 27496 | D:14     | Found a transporter.
 27499 | D:14     | Found a transporter.
 27500 | D:14     | Found a transporter.
 27700 | D:14     | Found a portal to a secret trove of treasure.
 27739 | D:14     | You paid a toll of 7 scrolls of fog to enter a treasure
                  | trove
 27740 | Trove    | Entered a treasure trove
 27775 | Trove    | Got the Discourse on Virous Kindling
 28034 | D:14     | Received a gift from Okawaru
 28402 | D:15     | Entered Level 15 of the Dungeon
 28854 | D:15     | Found a staircase to the Depths.
 29613 | Depths:1 | Entered Level 1 of the Depths
 29613 | Depths:1 | Noticed a sphinx
 29616 | Depths:1 | Paralysed by a sphinx for 3 turns
 29624 | Depths:1 | Killed a sphinx
 29624 | Depths:1 | Received a gift from Okawaru
 29624 | Depths:1 | Found the +7 sceptre of Torment {pain, torment}
 29625 | Depths:1 | Reached skill level 10 in Evocations
 29669 | Depths:1 | Found a one-way gateway to a ziggurat.
 29741 | Depths:1 | Found Xusolin's General Store.
 29826 | Depths:1 | Bought a scroll of enchant armour for 112 gold pieces
 29826 | Depths:1 | Bought a scroll of poison for 60 gold pieces
 29826 | Depths:1 | Bought a potion of mutation for 120 gold pieces
 30213 | Spider:2 | Killed Nikola
 30306 | Spider:2 | You fall into a shaft and drop 1 floor!
 30553 | Spider:3 | Identified the +1 scale mail of the Snail {rF+ Regen+
                  | Int-3} (Okawaru gifted it to you on level 3 of the Spider
                  | Nest)
 30553 | Spider:3 | Received a gift from Okawaru
 30694 | Spider:3 | Reached XP level 17. HP: 159/168 MP: 24/24
 30812 | Spider:3 | Reached skill level 10 in Dodging
 32036 | Spider:3 | Upgraded the game from 0.30-a0-462-gd5975efbca to
                  | 0.30-a0-465-g8901f6c8b5
 32044 | Spider:4 | Entered Level 4 of the Spider Nest
 32302 | Spider:4 | Gained mutation: Your body sometimes deteriorates upon
                  | taking damage. [mutagenic glow]
 32364 | Spider:3 | Lost mutation: Your body sometimes deteriorates upon taking
                  | damage. [potion of mutation]
 32364 | Spider:3 | Gained mutation: Your body sometimes deteriorates upon
                  | taking damage. [potion of mutation]
 32364 | Spider:3 | Gained mutation: You are clumsy. (Dex -2) [potion of
                  | mutation]
 32364 | Spider:3 | Lost mutation: You are clumsy. (Dex -2) [potion of
                  | mutation]
 32364 | Spider:3 | Gained mutation: You have large cloven feet. [potion of
                  | mutation]
 32365 | Spider:3 | Lost mutation: Your body sometimes deteriorates upon taking
                  | damage. [potion of mutation]
 32365 | Spider:3 | Lost mutation: You have large cloven feet. [potion of
                  | mutation]
 32365 | Spider:3 | Gained mutation: You have hidden genetic defects. [potion
                  | of mutation]
 32365 | Spider:3 | Gained mutation: Your skin changes colour to match your
                  | surroundings (Stealth+). [potion of mutation]
 32365 | Spider:3 | Lost mutation: Your skin changes colour to match your
                  | surroundings (Stealth+). [potion of mutation]
 32366 | Spider:3 | Lost mutation: You have hidden genetic defects. [potion of
                  | mutation]
 32366 | Spider:3 | Gained mutation: Your muscles are strong. (Str +4, Int/Dex
                  | -1) [potion of mutation]
 32366 | Spider:3 | Gained mutation: You passively map a small area around you.
                  | [potion of mutation]
 32680 | Spider:4 | Noticed Louise
 32916 | Spider:4 | Killed Louise
 33100 | Spider:4 | Identified the +5 hand crossbow of Acokes {penet, +Blink
                  | Int+5} (Okawaru gifted it to you on level 4 of the Spider
                  | Nest)
 33100 | Spider:4 | Received a gift from Okawaru
 33273 | Spider:4 | Reached skill level 1 in Ranged Weapons
 33463 | Spider:4 | Received a gift from Okawaru
 33589 | Spider:4 | Got a gossamer rune of Zot
 33902 | Spider:4 | Identified the +1 pair of gloves of Wammop {Will+ Int+2}
 34478 | Shoals:2 | Noticed Ilsuiw
 34506 | Shoals:2 | Found Juoceg's One-of-a-Kind Rings.
 34589 | Shoals:2 | Noticed Mecsish's ghost (adept AtWn)
 34638 | Shoals:2 | Found a runed translucent gate.
 34638 | Shoals:2 | Found a runed translucent gate.
 34640 | Shoals:2 | Found a runed translucent gate.
 34665 | Shoals:2 | Identified the +5 pair of boots "Telo" {rC+ Int+2 SInv}
                  | (Okawaru gifted it to you on level 2 of the Shoals)
 34665 | Shoals:2 | Received a gift from Okawaru
 34692 | Shoals:2 | Reached XP level 18. HP: 132/176 MP: 25/25
 34705 | Shoals:2 | Killed Mecsish's ghost
 34921 | Shoals:2 | Identified the +3 pair of boots of the World {Regen+
                  | Stlth+}
 35162 | Shoals:2 | Killed Ilsuiw
 35163 | Shoals:2 | Reached skill level 5 in Ranged Weapons
 35398 | Shoals:2 | Found Cymuin's Distillery.
 35407 | Shoals:2 | Bought a potion of might for 60 gold pieces
 35407 | Shoals:2 | Bought a potion of curing for 45 gold pieces
 35407 | Shoals:2 | Bought a potion of cancellation for 120 gold pieces
 35880 | Shoals:3 | Found Ipnuikei's Book Shop.
 36406 | Shoals:4 | Entered Level 4 of the Shoals
 36406 | Shoals:4 | Identified Roxanne's Cyclopedia of Spelunking
 36406 | Shoals:4 | Noticed Roxanne
 36795 | Shoals:4 | Killed Roxanne
 37342 | Shoals:4 | Noticed Mlioglotl
 37356 | Shoals:4 | Killed Mlioglotl
 37628 | Shoals:4 | Identified the +11 hand crossbow of Inquiry {vorpal, Fly
                  | rC- Dex+6} (Okawaru gifted it to you on level 4 of the
                  | Shoals)
 37628 | Shoals:4 | Received a gift from Okawaru
 37634 | Shoals:4 | Reached skill level 15 in Shields
 37638 | Shoals:4 | Got a barnacled rune of Zot
 37676 | Shoals:4 | Noticed Kirke
 37685 | Shoals:4 | Killed Kirke
 37951 | Shoals:4 | Reached skill level 15 in Axes
 38549 | Elf:1    | Entered Level 1 of the Elven Halls
 39172 | Elf:1    | Paralysed by an air elemental for 1 turns
 39176 | Elf:1    | Identified the +0 crystal plate armour "Nyfyodd" {rPois
                  | Str+3} (Okawaru gifted it to you on level 1 of the Elven
                  | Halls)
 39176 | Elf:1    | Received a gift from Okawaru
 39211 | Elf:1    | Found a flickering gateway to a bazaar.
 39220 | Bazaar   | Entered a bazaar
 39271 | Bazaar   | Found Tuologha's Armour Shop.
 39305 | Bazaar   | Found Vyanu's Antique Weapon Emporium.
 39319 | Bazaar   | Found Ivoluog's Antique Armour Shoppe.
 40137 | Elf:2    | Found Axun's Distillery.
 40160 | Elf:2    | Paralysed by an air elemental for 1 turns
 40168 | Elf:2    | Reached XP level 19. HP: 145/187 MP: 26/26
 40181 | Elf:2    | Found a crumbling gateway.
 40200 | Desolati | Entered the Desolation of Salt
 40720 | Desolati | Got the Tome of the Generative Impact
 40740 | Desolati | Identified the +1 leather armour of Somewhere Else {rF+ rC+
                  | Str+4 Dex-3}
 40785 | Desolati | Got the Discourse on Dark Vitiation
 40788 | Desolati | Got the Exposition on Geometric Shadows
 40834 | Desolati | Identified the ring "Mouwaxt" {rCorr Str+4}
 40845 | Desolati | Identified the +1 robe of Patience {rPois rN+ Stlth-}
 40915 | Desolati | Got the Discourse on Allied Misery
 41076 | Desolati | Identified the +1 buckler of Grottiness {rC+} (Okawaru
                  | gifted it to you in the Desolation of Salt)
 41076 | Desolati | Received a gift from Okawaru
 41089 | Desolati | Identified the +6 long sword of Weasupnayni {vorpal, rF+
                  | rCorr Int-2}
 41093 | Desolati | Identified the +1 robe of the Vaults {rF+ rCorr Str+6}
 41455 | Desolati | Got Vehumet's Papyrus of Concussion
 41966 | Elf:2    | Paralysed by an air elemental for 1 turns
 42170 | Elf:2    | Bought a potion of invisibility for 128 gold pieces
 42170 | Elf:2    | Bought a potion of cancellation for 128 gold pieces
 42335 | Elf:2    | Found a runed translucent gate.
 42338 | Elf:2    | Found a runed translucent gate.
 42338 | Elf:2    | Found a runed translucent gate.
 42365 | Elf:2    | Reached skill level 10 in Ranged Weapons
 43100 | Elf:3    | Entered Level 3 of the Elven Halls
 43173 | Elf:3    | Found Foyred's Assorted Antiques.
 43337 | Arena    | Entered the Arena
 43340 | Arena    | Received a gift from Okawaru
 43413 | Elf:3    | Learned a level 1 spell: Apportation
 43818 | Elf:3    | Identified the +8 war axe "Nosiffil" {spect, *Rage Str+3
                  | Int+6}
 43827 | Elf:3    | Noticed a Tzitzimitl
 43856 | Elf:3    | Identified the ring "Sulis" {+Blink rC- MP+9 SInv}
 43869 | Elf:3    | Received a gift from Okawaru
 43886 | Elf:3    | Reached XP level 20. HP: 138/199 MP: 27/27
 43893 | Elf:3    | Identified the +0 leather armour of Devotion {Will+}
 43903 | Elf:3    | Received a gift from Okawaru
 44414 | Elf:3    | Identified the +8 chain mail of Huttewid {Str+4} (Okawaru
                  | gifted it to you on level 3 of the Elven Halls)
 44414 | Elf:3    | Received a gift from Okawaru
 46641 | Vaults:1 | Entered Level 1 of the Vaults
 46794 | Vaults:1 | Found a transporter.
 46797 | Vaults:1 | Found a bloodstained altar of Trog.
 46799 | Vaults:1 | Noticed Gateb's ghost (adept HODe)
 46844 | Vaults:1 | Killed Gateb's ghost
 46848 | Vaults:1 | Found a transporter.
 46850 | Vaults:1 | Identified the amulet "Inau" {Acrobat Int+4}
 46854 | Vaults:1 | Identified the +0 helmet "Paox" {-Tele Will- Str+9}
 47928 | Vaults:1 | Received a gift from Okawaru
 48185 | Vaults:1 | Found Cumeot's Antique Weapon Shoppe.
 48193 | Vaults:1 | Bought an iridescent broad axe for 234 gold pieces
 48193 | Vaults:1 | Identified the +6 broad axe of Mayhem {spect, rElec} (You
                  | bought it in a shop on level 1 of the Vaults)
 48327 | Vaults:1 | Identified the +2 robe of Qigeffah {rC+ Dex+2} (Okawaru
                  | gifted it to you on level 1 of the Vaults)
 48327 | Vaults:1 | Received a gift from Okawaru
 48615 | Vaults:2 | Found a magical portal.
 48624 | WizLab   | Entered Tukima's Studio
 48932 | WizLab   | Noticed rocky1's illusion
 48987 | WizLab   | Noticed rocky1's illusion
 48999 | WizLab   | Noticed rocky1's illusion
 49279 | WizLab   | Identified the +1 cloak "Buvuath" {Str+7}
 49356 | WizLab   | Identified the +0 pair of boots of Hudaff {Fly Regen+ Str+4
                  | Dex+4}
 49459 | Vaults:2 | Identified the +1 robe "Dinywnoly" {Dex+9}
 49777 | Vaults:2 | Reached XP level 21. HP: 174/209 MP: 17/28
 50858 | Vaults:3 | Identified the +0 scale mail "Giniu" {rF+ Str+5 Int-3
                  | Dex+3} (Okawaru gifted it to you on level 3 of the Vaults)
 50858 | Vaults:3 | Received a gift from Okawaru
 51003 | Vaults:3 | Noticed Frederick
 51023 | Vaults:3 | Killed Frederick
 51077 | Vaults:3 | Reached skill level 15 in Armour
 51168 | Vaults:3 | Noticed Saint Roka
 51182 | Vaults:3 | Killed Saint Roka
 52059 | Vaults:3 | Identified the +1 long sword "Wymm" {venom, Str+6}
 52433 | Vaults:3 | Identified the +7 sling of Oxesir {antimagic, rElec}
 52442 | Vaults:3 | Found a staircase to the Crypt.
 52442 | Vaults:3 | Found an ancient bone altar of Kikubaaqudgha.
 52442 | Vaults:3 | Found a basalt altar of Yredelemnul.
 52666 | Vaults:3 | Noticed Margery
 52682 | Vaults:3 | Killed Margery
 53195 | Crypt:1  | Entered Level 1 of the Crypt
 54312 | Crypt:1  | Identified the +0 pair of boots of the Good {MP+9} (Okawaru
                  | gifted it to you on level 1 of the Crypt)
 54312 | Crypt:1  | Received a gift from Okawaru
 54529 | Crypt:1  | Reached XP level 22. HP: 209/217 MP: 29/29
 56083 | Crypt:3  | Entered Level 3 of the Crypt
 56154 | Crypt:3  | Found a staircase to the Tomb.
 56209 | Crypt:3  | Reached skill level 15 in Ranged Weapons
 56272 | Crypt:3  | Identified the +2 hand axe "Killer Bee's Peril" {drain,
                  | rElec Will+}
 56707 | Crypt:3  | Noticed Xtahua
 56715 | Crypt:3  | Killed Xtahua
 56803 | Crypt:3  | Noticed Khufu
 56804 | Crypt:3  | Noticed a royal mummy
 57056 | Crypt:2  | Killed Khufu
 57057 | Crypt:2  | HP: 3/217 [death scarab[Khufu] (14)]
 57057 | Crypt:2  | HP: 1/217 [death scarab[Khufu] (2)]
 57448 | Crypt:2  | Killed a royal mummy
 58226 | Crypt:3  | Identified the +7 plate armour of Guurgh {Str+3 Stlth+}
                  | (Okawaru gifted it to you on level 3 of the Crypt)
 58226 | Crypt:3  | Received a gift from Okawaru
 59246 | Crypt:3  | Noticed a curse toe
 59254 | Crypt:3  | Killed a curse toe
 59255 | Crypt:3  | Reached skill level 15 in Dodging
 59673 | Crypt:3  | Found a basalt altar of Yredelemnul.
 59675 | Crypt:3  | Found an ancient bone altar of Kikubaaqudgha.
 59790 | Crypt:3  | Got Kikubaaqudgha's Grimoire of the Mortuary
 59796 | Crypt:3  | Identified the +6 dagger "Zeagua" {venom, rC+}
 59798 | Crypt:3  | Identified the +10 broad axe of Eternal Vigilance {freeze,
                  | Int+5 Stlth+}
 59800 | Crypt:3  | Identified the +2 robe of Liberalism {MP+9}
 59943 | Tomb:1   | Entered Level 1 of the Tomb of the Ancients
 60779 | Tomb:1   | Noticed a royal mummy
 60808 | Tomb:1   | Killed a royal mummy
 61233 | Tomb:1   | Gained mutation: You are partially covered in iridescent
                  | scales. (AC +2) [a neqoxec]
 61601 | Tomb:1   | Noticed a royal mummy
 61616 | Tomb:1   | Killed a royal mummy
 61617 | Tomb:1   | Reached XP level 23. HP: 98/224 MP: 30/30
 65302 | Depths:1 | Found a gateway to Hell.
 65643 | Shoals:1 | Bought masterwork storm dragon scales for 1785 gold pieces
 65643 | Shoals:1 | Identified the +1 storm dragon scales of Scuffed Curiosity
                  | {+Inv rElec rF- Will+++ Stlth+} (You bought it in a shop on
                  | level 1 of the Shoals)
 66238 | Depths:2 | You fall into a shaft and drop 1 floor!
 66630 | Depths:2 | Received a gift from Okawaru
 67157 | Depths:2 | Found a one-way gate leading to the halls of Pandemonium.
 67164 | Depths:2 | Received a gift from Okawaru
 67495 | Depths:2 | Identified the +4 flail of the Empty Page {distort, Contam
                  | rC+++ rCorr Stlth+} (Okawaru gifted it to you on level 2 of
                  | the Depths)
 67495 | Depths:2 | Received a gift from Okawaru
 67572 | Depths:2 | Learned a level 2 spell: Blink
 67806 | Depths:2 | Found a runed translucent gate.
 67807 | Depths:2 | Found a runed translucent gate.
 67807 | Depths:2 | Found a runed translucent gate.
 67950 | Depths:2 | Noticed Zatt's ghost (adept SpAK)
 67951 | Depths:2 | Found the +7 lajatang of Order {silver, rMut}
 67976 | Depths:2 | Killed Zatt's ghost
 68606 | Depths:3 | Received a gift from Okawaru
 68753 | Depths:3 | Found Akel's Jewellery Emporium.
 68754 | Depths:3 | Found Ziegamp's Book Shop.
 68754 | Depths:3 | Found Poush's Book Shop.
 68772 | Depths:3 | Learned a level 4 spell: Manifold Assault
 69284 | Depths:3 | Noticed a caustic shrike
 69338 | Depths:3 | Killed a caustic shrike
 69338 | Depths:3 | Received a gift from Okawaru
 69768 | Depths:3 | Reached XP level 24. HP: 196/236 MP: 30/30
 70200 | Depths:3 | Identified the amulet "Vobbaqil" {RegenMP rPois rC+}
 70278 | Depths:4 | Entered Level 4 of the Depths
 70423 | Depths:4 | Received a gift from Okawaru
 70652 | Depths:4 | Identified the +1 hat of the Hunter {Int+2} (Okawaru gifted
                  | it to you on level 4 of the Depths)
 70652 | Depths:4 | Received a gift from Okawaru
 70824 | Depths:4 | Found Kank's Distillery.
 70826 | Depths:4 | Found Befrimo's General Store.
 70826 | Depths:4 | Found Huacux's Armour Shoppe.
 70833 | Depths:4 | Found Coop's Magic Scroll Shoppe.
 70851 | Depths:4 | Bought a scroll of blinking for 105 gold pieces
 70851 | Depths:4 | Bought a scroll of blinking for 105 gold pieces
 70988 | Depths:4 | Found a gate to the Realm of Zot.
 71803 | Vaults:5 | Entered Level 5 of the Vaults
 72434 | Vaults:5 | Noticed a dread lich
 72437 | Vaults:5 | Reached skill level 1 in Translocations
 72442 | Vaults:4 | Reached skill level 1 in Spellcasting
 72491 | Vaults:4 | Killed a dread lich
 73203 | Vaults:5 | Received a gift from Okawaru
 73386 | Vaults:5 | Paralysed by a floating eye for 3 turns
 73725 | Vaults:5 | Identified the amulet of Uzimoyn {Regen+ Dex+2}
 73840 | Vaults:5 | Identified the +10 war axe "Tormentor" {vamp, Will+ Str+4}
 73848 | Vaults:5 | Received a gift from Okawaru
 73987 | Vaults:5 | Identified the ring "Abbokos" {rCorr Dex+3}
 74388 | Vaults:5 | Got a silver rune of Zot
 74614 | Vaults:5 | Identified the +9 falchion of the Shimmering Gods {elec,
                  | rElec rN+ Will+ Str+3}
 74626 | Vaults:5 | Identified the +1 rapier of Welfare {elec, rC+ rN+}
 74627 | Vaults:5 | Identified the +1 great sword of False Accusations {flame,
                  | rElec Dex-2 SInv Stlth+}
 75073 | Vaults:5 | Identified the +5 ring mail of Epiczeti {rCorr Dex+3}
 75713 | Slime:1  | Entered Level 1 of the Pits of Slime
 75722 | Slime:1  | Reached XP level 25. HP: 247/247 MP: 30/30
 75783 | Slime:1  | Identified the +3 plate armour of Resonance {rN+} (Okawaru
                  | gifted it to you on level 1 of the Pits of Slime)
 75783 | Slime:1  | Received a gift from Okawaru
 75963 | Slime:1  | You fall into a shaft and drop 1 floor!
 76883 | Slime:2  | Gained mutation: Armour fits poorly on your strangely
                  | shaped body. [a shining eye]
 78863 | Slime:5  | Entered Level 5 of the Pits of Slime
 78980 | Slime:5  | Gained mutation: Your magical capacity is low. (-10% MP) [a
                  | shining eye]
 78987 | Slime:5  | Gained mutation: Your spells are a little easier to cast,
                  | but a little less powerful. [a shining eye]
 79641 | Slime:5  | Gained mutation: You sometimes lose your temper in combat.
                  | [a shining eye]
 79643 | Slime:5  | Gained mutation: You occasionally lose the ability to read
                  | scrolls when taking damage. [a shining eye]
 79755 | Slime:4  | Lost mutation: Armour fits poorly on your strangely shaped
                  | body. [potion of mutation]
 79755 | Slime:4  | Lost mutation: You occasionally lose the ability to read
                  | scrolls when taking damage. [potion of mutation]
 79756 | Slime:4  | Lost mutation: Your muscles are strong. (Str +4, Int/Dex
                  | -1) [potion of mutation]
 79756 | Slime:4  | Lost mutation: You are partially covered in iridescent
                  | scales. (AC +2) [potion of mutation]
 79756 | Slime:4  | Lost mutation: You passively map a small area around you.
                  | [potion of mutation]
 79756 | Slime:4  | Gained mutation: You expend magic power (3 MP) to
                  | strengthen your wands. [potion of mutation]
 79756 | Slime:4  | Gained mutation: You have sharp fingernails. [potion of
                  | mutation]
 79757 | Slime:4  | Lost mutation: You have sharp fingernails. [potion of
                  | mutation]
 79757 | Slime:4  | Lost mutation: You expend magic power (3 MP) to strengthen
                  | your wands. [potion of mutation]
 79757 | Slime:4  | Gained mutation: You have sharp toenails. [potion of
                  | mutation]
 79757 | Slime:4  | Gained mutation: You are robust. (+10% HP) [potion of
                  | mutation]
 79758 | Slime:4  | Lost mutation: You have sharp toenails. [potion of
                  | mutation]
 79758 | Slime:4  | Lost mutation: Your magical capacity is low. (-10% MP)
                  | [potion of mutation]
 79758 | Slime:4  | Lost mutation: You sometimes lose your temper in combat.
                  | [potion of mutation]
 79758 | Slime:4  | Gained mutation: You are partially covered in large bone
                  | plates. (SH +4) [potion of mutation]
 79758 | Slime:4  | Gained mutation: You are partially covered in iridescent
                  | scales. (AC +2) [potion of mutation]
 79941 | Slime:5  | Noticed the Royal Jelly
 80056 | Slime:5  | Killed the Royal Jelly
 80451 | Slime:5  | Gained mutation: Your body sometimes deteriorates upon
                  | taking damage. [a shining eye]
 80454 | Slime:5  | Gained mutation: You have an increased reservoir of magic.
                  | (+10% MP) [a shining eye]
 80483 | Slime:5  | Got the Almanac of Fascination
 80526 | Slime:5  | Identified the +1 scale mail "Viwucut" {rC+}
 80547 | Slime:5  | Identified the +4 longbow "Opsunloh" {flame, +Blink rPois
                  | Str+7 Dex-3}
 80562 | Slime:5  | Got a slimy rune of Zot
 80599 | Slime:5  | Identified the ring "Seske" {rElec MP+9 Str+3}
 81019 | Zot:1    | Entered Level 1 of the Realm of Zot
 81626 | Shoals:1 | Bought a transparent plate armour for 588 gold pieces
 81626 | Shoals:1 | Identified the +7 plate armour of the Fig {rC- Int+2 Dex+5}
                  | (You bought it in a shop on level 1 of the Shoals)
 82121 | Zot:1    | Reached skill level 5 in Translocations
 82136 | Zot:1    | Received a gift from Okawaru
 82690 | Zot:1    | Identified the +2 ring mail "Saufoapnou" {rF+} (Okawaru
                  | gifted it to you on level 1 of the Realm of Zot)
 82690 | Zot:1    | Received a gift from Okawaru
 84225 | Zot:2    | Reached XP level 26. HP: 240/283 MP: 33/33
 85406 | Zot:3    | Received a gift from Okawaru
 86498 | Zot:4    | Noticed Grunn
 86989 | Zot:4    | Killed Grunn
 88077 | Zot:4    | Received a gift from Okawaru
 88139 | Zot:4    | Received a gift from Okawaru
 88860 | Zot:5    | Entered Level 5 of the Realm of Zot
 89236 | Zot:5    | Found the +4 dragonskin cloak
 89236 | Zot:5    | Noticed Tiamat
 89387 | Zot:5    | Killed Tiamat
 89877 | Zot:5    | Reached XP level 27. HP: 292/292 MP: 33/33
 89879 | Zot:5    | Noticed an ancient lich
 89887 | Zot:5    | Killed an ancient lich
 89953 | Zot:5    | Noticed an ancient lich
 89964 | Zot:5    | Noticed a dread lich
 89967 | Zot:5    | Noticed an orb of fire
 89968 | Zot:5    | Killed an ancient lich
 89998 | Zot:5    | Killed an orb of fire
 90006 | Zot:5    | Killed a dread lich
 90015 | Zot:5    | Killed from afar by a shadow dragon

Illustrated notes

Levels and vault maps discovered:
D:1:      erik_arrival_triangle_small, layout_loops_cross
D:2:      layout_basic, shapermc_ecumenical_altar_mp_ritualfount
D:3:      layout_rooms, grunt_gozag_breadcrumbs, serial_shops,
          nicolae_square_shop, nicolae_shop_advertising_works
          [nicolae_subvault_shop_adworks], nicolae_shop_hallway_stairs,
          nicolae_diamond_shop, nicolae_shop_window_shopping,
          roderic_serpentine_path, roderic_roman_lattice, dk_noncrumbling_4,
          uniq_pargi, uniq_grinder
D:4:      layout_rooms, zin_angel, mainiacjoe_overflow_six_doors_small,
          minmay_temple_entry_offerings, uniq_natasha
D:5:      layout_cave_pods, uniq_menkaure
D:6:      layout_basic, vehumet_statue, uniq_edmund, uniq_pikel
D:7:      layout_basic
D:8:      layout_basic, hex_tiny, uniq_erica, uniq_prince_ribbit1, uniq_amaemon
D:9:      layout_irregular_city, overflow_temple_1_default, tgw_sif,
          david_lair_generic, minivault_28, uniq_erolcha
D:10:     layout_long_grid, mainiacjoe_overflow_two_lobes,
          kennysheep_big_empty_room
D:11:     minmay_tri_box, layout_long_grid, uniq_gastronok, uniq_josephine,
          uniq_nergalle
D:12:     layout_irregular_city, gauntlet_entry_generic, worms_lemuel,
          uniq_frances
D:13:     minmay_the_grid_triangle_9x9_rhombus_full
          [minmay_the_grid_triangle_9x9_thin_v,
          minmay_the_grid_triangle_9x9_sparse_checkered,
          minmay_the_grid_triangle_9x9_pentomino_pain,
          minmay_the_grid_triangle_9x9_limited_checkers,
          minmay_the_grid_triangle_9x9_stretched_checkered,
          minmay_the_grid_triangle_9x9_impossible_snake,
          minmay_the_grid_triangle_9x9_odd_lines,
          minmay_the_grid_triangle_9x9_prize_insulated], layout_irregular_city,
          serial_shops, kennysheep_little_box, uniq_rupert, uniq_azrael,
          uniq_jorgrun
D:14:     layout_roguey, nicolae_trove_entry_columns, serial_bayou_shore_a,
          nicolae_diode_quadrants
D:15:     gammafunk_depths_entry_grave, layout_stronghold
Temple:   nicolae_temple_great_sept
Lair:1:   layout_regular_city, nicolae_volcano_entry_hallway,
          beast_lair_carwin_10, serial_bayou_shore_b, grunt_megastairs_3,
          serial_bayou_shore_b
Lair:2:   layout_misc_corridors, nicolae_spider_entry_orb_guardian,
          roderic_batcave, minmay_lair_oklob_bushes, pond
Lair:3:   layout_loops_ring, minmay_shoals_entry_lonely_mermaid,
          grunt_forest_stairs_basic, grunt_forest_small_clearings
Lair:4:   layout_loops_ring, slime_entry_1, special_room
          [special_room_mythical_zoo]
Lair:5:   hellmonk_lair_end_abyssal_woods, layout_cave_pods,
          nzn_sisyphean_effort, uniq_urug
Shoals:1: layout_shoals, serial_shops, nicolae_shop_competitors_out_of_business
Shoals:2: layout_shoals, serial_shops, nicolae_lakefront_shop,
          gammafunk_ghost_split, nicolae_shop_unique_rings,
          nicolae_shoals_lost_giant_amphitheater, uniq_ilsuiw
Shoals:3: layout_shoals, serial_shops, shop
Shoals:4: shoals_end_simple, layout_shoals, shoals_ilsuiw_alternative,
          nicolae_shoals_shepherds, uniq_kirke, uniq_mlioglotl, uniq_roxanne
Spider:1: layout_chambers, ebering_ghost_reflecting_pool,
          hangedman_spider_tarantella_strand
Spider:2: layout_chambers, uniq_nikola
Spider:3: layout_spider_delve
Spider:4: guppyfry_spider_rune, uniq_louise
Slime:1:  layout_caves
Slime:2:  layout_caves
Slime:3:  layout_caves, nicolae_slime_phagocytosis
Slime:4:  layout_caves
Slime:5
Orc:1:    layout_diamond_mine, nicolae_shop_overcharged_wands
Orc:2:    st_orc_elflike, layout_diamond_mine
Elf:1:    layout_geoelf_grid, serial_shops, freezing_bzr,
          hangedman_elf_disciples, grunt_megastairs_2
Elf:2:    nicolae_elf_blades_crystal_corner, layout_onion_city,
          portal_desolation_entry_twin_temple, nicolae_stop_n_shop_1
Elf:3:    minmay_elf_hall_four_x, layout_geoelf_octagon, minmay_shop_star
Vaults:1: gammafunk_ghost_wrathful_warriors, vaults_room_door_ring,
          vaults_room_door_ring, nicolae_vaults_little_ls,
          ontoclasm_vaults_ligature, nicolae_vaults_little_squares_6,
          layout_vaults_omnigrid, serial_shops, nicolae_shop_hallway_stairs
Vaults:2: infiniplex_enter_wizlab_water, hangedman_vaults_corner_blocks,
          v_rooms_4, v_misc_2, grunt_vaults_hallway_short,
          nicolae_vaults_what_the_h, v_misc_10, vaults_standard_mumra_x,
          hangedman_vaults_slice, layout_vaults_ring
Vaults:3: ontoclasm_vaults_claustrophobia, v_misc_25,
          minmay_crypt_entry_necro_gods, dpeg_vaults_monster_box, v_misc_19,
          ontoclasm_vaults_bender, v_pattern_2, nicolae_vaults_back_hallway,
          grunt_vaults_bifocal, ontoclasm_vaults_ring_large,
          nicolae_vaults_little_squares_2, v_misc_11, layout_vaults_omnibox,
          uniq_saint_roka, uniq_margery, uniq_frederick
Vaults:4: hangedman_vaults_maws, grunt_vaults_focal, nicolae_vaults_alarming,
          nicolae_vaults_display_case, vaults_room_pools, vaults_room_hallway,
          vaults_dpeg_ring, ontoclasm_vaults_decontamination,
          layout_vaults_big_room
Vaults:5: serial_shops
Crypt:1:  layout_gridlike, grunt_crypt_arrival_guarded_gate,
          roderic_lattice_octagonal_star
Crypt:2:  layout_misc_corridors, amcnicky_mini_rare_corridor_liquid,
          grunt_megastairs_4
Crypt:3:  lightli_unholy_cathedral, layout_chaotic_city, minivault_4,
          uniq_khufu, uniq_josephina, uniq_xtahua
Tomb:1
Depths:1: layout_small_grid, enter_ziggurat_d, kennysheep_cross_bottleneck,
          grunt_hell_entry_dis_old, serial_shops, shop_fountains,
          wad_rectangle_vault
Depths:2: minmay_fractal_lines_corner, layout_gridlike,
          gammafunk_ghost_necromancy, hellmouth_1, grunt_pan_entry_zigzag
Depths:3: minmay_stepped, layout_gridlike, marbit_kobold_abyss_entry,
          hell_entry, grunt_decor_resistance, kennysheep_random_hallway,
          serial_bayou_shore_b, minmay_shop_grove
Depths:4: grunt_zot_entry_alcove, layout_cave_pools, hell_entry,
          minmay_shoptagon
Zot:1:    layout_basic
Zot:2:    layout_misc_corridors
Zot:3:    layout_basic
Zot:4:    layout_gridlike, zot_minivault_4, uniq_grunn, uniq_parghit
Zot:5:    layout_cathedral_of_symmetry, uniq_tiamat

Skill      XL: |  1  2  3  4  5  6  7  8  9 10 11 12 13 14 15 16 17 18 19 20 21 22 23 24 25 26 27 |
---------------+----------------------------------------------------------------------------------+-----
Fighting       | 4 5 7 11 13 19 20 21 22 23 24 25 26 | 26.1
Armour         | 4 5 7 8 10 12 13 14 16 18 20 22 23 | 23.6
Shields        | 4 5 7 8 10 12 14 15 17 18 20 | 20.5
Maces & Flails | 3 4 5 7 10 12 14 | 14.2
Throwing       | 2 5 6 |  6.8
Invocations    | 1 5 8 9 11 | 11.2
Evocations     | 1 3 4 6 8 10 11 | 11.5
Dodging        | 4 5 8 9 11 13 15 17 18 19 | 19.5
Axes           | 12 13 15 17 18 19 21 26 | 26.9
Ranged Weapons | 4 8 10 12 14 16 18 | 18.0
Translocations | 3 5 |  5.1
Spellcasting   | 3 4 |  4.7

Action                   |  1- 3 |  4- 6 |  7- 9 | 10-12 | 13-15 | 16-18 | 19-21 | 22-24 | 25-27 || total
-------------------------+-------+-------+-------+-------+-------+-------+-------+-------+-------++-------
Melee: Flail             |   102 |   103 |   318 |   168 |       |       |       |       |       ||   691
       Headbutt          |    11 |    20 |    67 |   172 |   411 |   293 |   408 |   451 |   386 ||  2219
       Demon whip        |       |       |       |   541 |  1520 |   242 |       |       |       ||  2303
       Broad axe         |       |       |       |       |    50 |  1012 |  1093 |   924 |  1099 ||  4178
       Sacred scourge    |       |       |       |       |       |       |   206 |   512 |    52 ||   770
 Fire: Hand crossbow     |       |       |       |       |       |       |    20 |    61 |    23 ||   104
Throw: Throwing net      |       |       |     1 |       |       |       |       |       |       ||     1
       Javelin           |       |       |       |     2 |       |       |       |       |       ||     2
       Dart              |       |       |       |       |       |     9 |     5 |       |       ||    14
Invok: Heroism           |       |       |       |     7 |     6 |     2 |     5 |     2 |     6 ||    28
       Finesse           |       |       |       |     3 |     1 |     1 |     3 |     2 |     3 ||    13
       Duel              |       |       |       |       |       |       |     1 |       |       ||     1
Evoke: Wand              |       |       |       |       |    22 |    13 |       |     1 |       ||    36
       Condenser vane    |       |       |       |       |       |     2 |     1 |       |       ||     3
       Tin of tremorston |       |       |       |       |       |     2 |     3 |       |       ||     5
       Lightning rod     |       |       |       |       |       |     2 |     2 |       |     4 ||     8
  Use: Scroll            |       |     5 |     4 |    19 |    16 |    21 |     6 |    12 |    10 ||    93
       Potion            |       |     1 |     3 |     6 |     1 |    10 |     2 |     6 |    13 ||    42
 Stab: Held in net/web   |       |       |     1 |       |       |       |       |       |       ||     1
       Sleeping          |       |       |       |       |     4 |       |       |       |       ||     4
       Invisible         |       |       |       |       |       |       |       |       |     3 ||     3
Armor: Scale mail        |    53 |    38 |       |       |    26 |   656 |   344 |   177 |       ||  1294
       Troll leather arm |       |    21 |   103 |   225 |   396 |       |       |       |       ||   745
       Storm dragon scal |       |       |       |       |       |       |       |   290 |   136 ||   426
       Gold dragon scale |       |       |       |       |       |       |       |       |   339 ||   339
Dodge: Dodged            |    52 |    58 |   111 |   245 |   521 |   469 |   353 |   506 |   392 ||  2707
Block: Buckler           |    25 |    28 |   101 |   172 |   575 |   460 |       |       |       ||  1361
       Reflection        |       |       |     2 |     3 |    14 |    70 |    93 |    79 |    12 ||   273
       Kite shield       |       |       |       |       |       |   462 |  1032 |  1319 |   956 ||  3769

Table legend: (Time is in decaauts)
 A = Elapsed time spent in this place.
 B = Non-inter-level travel time spent in this place.
 C = Inter-level travel time spent in this place.
 D = Time resting spent in this place.
 E = Time spent auto-exploring this place.
 F = Levels seen in this place.
 G = Mean time per level.
                   A        B        C        D        E       F      G
               +--------+--------+--------+--------+--------+-----+--------+
         Total |  88280 |  79728 |   8552 |  26993 |  31031 |  64 | 1379.4 |
       Dungeon |  19634 |  16415 |   3219 |   4183 |   8881 |  15 | 1308.9 |
        Temple |     46 |     46 |      0 |      0 |     20 |   1 |   46.0 |
          Lair |   5793 |   4390 |   1403 |    114 |   3341 |   5 | 1158.6 |
        Shoals |   5234 |   4767 |    467 |   1516 |   1773 |   4 | 1308.5 |
   Spider Nest |   5857 |   5510 |    347 |   1534 |   2443 |   4 | 1464.2 |
    Slime Pits |   4949 |   4775 |    174 |   1736 |   1729 |   5 |  989.8 |
  Orcish Mines |   2333 |   1633 |    700 |    331 |    778 |   2 | 1166.5 |
   Elven Halls |   6550 |   6213 |    337 |   2720 |   1101 |   3 | 2183.3 |
        Vaults |  11348 |  10602 |    746 |   4256 |   3763 |   5 | 2269.6 |
         Crypt |   6202 |   5864 |    338 |   2845 |   1373 |   3 | 2067.3 |
          Tomb |   2213 |   2105 |    108 |   1150 |      0 |   1 | 2213.0 |
        Depths |   7067 |   6473 |    594 |   1943 |   3019 |   4 | 1766.8 |
           Zot |   7722 |   7607 |    115 |   3584 |   2444 |   5 | 1544.4 |
        Bazaar |    148 |    148 |      0 |      0 |     79 |   1 |  148.0 |
         Trove |    103 |    103 |      0 |      0 |      0 |   1 |  103.0 |
       Volcano |    369 |    369 |      0 |     46 |      0 |   1 |  369.0 |
        Wizlab |    771 |    771 |      0 |    428 |     13 |   1 |  771.0 |
    Desolation |   1331 |   1331 |      0 |    453 |    251 |   1 | 1331.0 |
      Gauntlet |    583 |    583 |      0 |    150 |     20 |   1 |  583.0 |
         Arena |     19 |     19 |      0 |      2 |      0 |   1 |   19.0 |
               +--------+--------+--------+--------+--------+-----+--------+

Top non-repeatable levels by time:
   Elf:2: 3306 daAuts
Vaults:4: 2933 daAuts
Vaults:3: 2906 daAuts
 Crypt:3: 2898 daAuts
Depths:3: 2665 daAuts
   Zot:4: 2302 daAuts
  Tomb:1: 2213 daAuts
Vaults:1: 2180 daAuts
Vaults:5: 2012 daAuts
Spider:1: 1956 daAuts
    D:11: 1912 daAuts
     D:3: 1902 daAuts
Depths:2: 1886 daAuts
   Zot:1: 1861 daAuts
     D:2: 1828 daAuts
